 Dungeon Crawl Stone Soup version 0.26-a0-639-g72c4674329 (webtiles) character file.

Game seed: 10769312760718111761

18 Lanoc the Sneak (level 2, -5/19 HPs)
             Began as a Tengu Delver on Sept 16, 2020.
             Slain by an orc priest
             ... wielding a +0 short sword
              (9 damage)
             ... on level 7 of the Dungeon.
             The game lasted 00:01:55 (542 turns).

Lanoc the Sneak (Tengu Delver)                       Turns: 542, Time: 00:01:56

Health: -5/19      AC:  3    Str: 18    XL:     2   Next: 66%
Magic:  3/3        EV: 13    Int: 10    God:
Gold:   39         SH:  0    Dex: 15    Spells: 1/1 levels left

rFire    . . .     SeeInvis .   a - +0 falchion
rCold    . . .     Faith    .   (no shield)
rNeg     . . .     Spirit   .   b - +0 leather armour
rPois    .         Reflect  .   (helmet restricted)
rElec    .         Harm     .   (no cloak)
rCorr    .         Rampage  .   (no gloves)
MR       .....                  (boots unavailable)
Stlth    +++.......             (no amulet)
HPRegen  0.06/turn              i - +6 ring of strength
MPRegen  0.08/turn              (no ring)

@: no status effects
A: beak, talons 3
a: no special abilities


You were on level 7 of the Dungeon.
You visited 1 branch of the dungeon, and saw 3 of its levels.

You collected 39 gold pieces.

Inventory:

Hand Weapons
 a - a +0 falchion (weapon)
Armour
 b - a +0 leather armour (worn)
Jewellery
 i - a +6 ring of strength (left hand)
Wands
 g - a wand of digging (3)
Scrolls
 c - a scroll of fog
 d - a scroll of magic mapping
 e - 2 scrolls of fear


   Skills:
 + Level 3.4 Fighting
 - Level 2.1 Long Blades
 + Level 2.9 Dodging
 - Level 5.0 Stealth


You had one spell level left.
You didn't know any spells.
Your spell library was empty.

Dungeon Overview and Level Annotations

Branches:
Dungeon (7/15)
 Temple: D:4-7

Altars:
Makhleb


Innate Abilities, Weirdness & Mutations

You have a beak for a mouth.
You have claws for feet.


Message History

The orc shouts!
There is a stone staircase leading down here.
The orc priest looks braver for a moment.
You climb downwards.
An orc wizard comes into view. It is wielding a +0 dagger.
There is a stone staircase leading up here.
You hit the orc priest but do no damage.
You peck the orc priest, but do no damage.
The orc priest invokes the aid of Beogh against you.
Beogh smites you!
Ouch! That really hurt!
* * * LOW HITPOINT WARNING * * *
The orc priest barely misses you.
The orc wizard shouts!
You hit the orc priest but do no damage.
You hear a loud, deep croak!
The orc wizard points at you and mumbles some strange words.
The puff of frost misses you.
The orc priest hits you with a +0 short sword!
You die...

#... ... #..
#.. ..### ...
.#.####.####o##
......o@.......
.#.###.#.###.##
... ..# ####
#.# .. ... .#.
.#..


You could see an orc priest and an orc wizard.

Vanquished Creatures
  An adder (D:6)
  A white imp (D:6)
  An orc (D:6)
3 creatures vanquished.

Notes
Turn   | Place    | Note
-------+----------+-------------------------------------------
     0 | D:5      | Lanoc the Tengu Delver began the quest for the Orb.
     0 | D:5      | Reached XP level 1. HP: 14/14 MP: 2/2
    62 | D:5      | Noticed a centaur
    96 | D:5      | Found a burning altar of Makhleb.
   186 | D:5      | Noticed a worker ant
   216 | D:5      | Noticed an ogre
   317 | D:6      | Reached XP level 2. HP: 19/19 MP: 3/3
   534 | D:6      | Noticed an ogre
   542 | D:7      | Slain by an orc priest

Illustrated notes

Levels and vault maps discovered:
D:5:      layout_loops_corners, old_standard_altar,
          nicolae_overflow_crystal_walls, elyvilon_altar_3
D:6:      layout_basic, kennysheep_mini, minmay_temple_entry_arrows
D:7:      layout_basic, old_standard_altar, led_sif_pool,
          overflow_temple_1_default

Action                   || total
-------------------------++-------
Melee: Falchion          ||    13
       Peck              ||     2
       Kick              ||     1
  Use: Potion            ||     4
       Scroll            ||     1
Armor: Leather armour    ||     2
Dodge: Dodged            ||    13
       Rpst.: Falchion   ||     3

Table legend: (Time is in decaauts)
 A = Elapsed time spent in this place.
 B = Non-inter-level travel time spent in this place.
 C = Inter-level travel time spent in this place.
 D = Time resting spent in this place.
 E = Time spent auto-exploring this place.
 F = Levels seen in this place.
 G = Mean time per level.
                   A        B        C        D        E       F      G
               +--------+--------+--------+--------+--------+-----+--------+
         Total |    524 |    524 |      0 |    242 |      0 |   3 |  174.7 |
       Dungeon |    524 |    524 |      0 |    242 |      0 |   3 |  174.7 |
               +--------+--------+--------+--------+--------+-----+--------+

Top non-repeatable levels by time:
     D:6: 311 daAuts
     D:5: 211 daAuts
     D:7: 1 daAuts
